 Dungeon Crawl Stone Soup version 0.29.1-13-g9f3cf754e1 (webtiles) character file.

Game seed: 1596682673083552397

156 khekkus the Chopper (level 5, -4/47 HPs)
             Began as a Hill Orc Fighter on Jan 25, 2023.
             Splashed by a jelly's acid (9 damage)
             ... on level 3 of the Dungeon.
             The game lasted 00:07:14 (2557 turns).

khekkus the Chopper (Hill Orc Fighter)              Turns: 2557, Time: 00:07:14

Health: -4/47      AC: -3    Str: 21    XL:     5   Next: 38%
Magic:  5/5        EV:  9    Int:  8    God:
Gold:   5          SH:  9    Dex: 10    Spells: 4/4 levels left

rFire   . . .      SeeInvis .   s - +0 war axe
rCold   . . .      Faith    .   c - +0 buckler
rNeg    . . .      Spirit   .   b - +0 scale mail
rPois   +          Reflect  +   (no helmet)
rElec   .          Harm     .   k - +0 cloak
rCorr   .          Rampage  .   (no gloves)
Will    .....                   (no boots)
Stlth   ..........              f - amulet of reflection
HPRegen 0.15/turn               e - ring of poison resistance
MPRegen 0.09/turn               (no ring)

@: corroded
A: no striking features
a: no special abilities


You were on level 3 of the Dungeon.
You visited 1 branch of the dungeon, and saw 3 of its levels.

You collected 95 gold pieces.
You spent 90 gold pieces at shops.

Inventory:

Hand Weapons
 s - a +0 war axe (weapon)
Missiles
 a - 22 stones (quivered)
Armour
 b - a +0 scale mail (worn)
 c - a +0 buckler (worn)
 k - a +0 cloak (worn)
Jewellery
 e - a ring of poison resistance (left hand)
 f - an amulet of reflection (around neck)
Scrolls
 n - a scroll of vulnerability {unknown}
Potions
 d - a potion of resistance
 g - a potion of magic
 h - a potion of ambrosia
 i - 2 potions of curing
 j - a potion of heal wounds
 l - a potion of might
 m - a potion of haste


   Skills:
 + Level 4.5 Fighting
 * Level 5.0 Axes
 + Level 1.6 Throwing
 + Level 4.1 Armour
 - Level 3.2 Shields


You had 4 spell levels left.
You didn't know any spells.
Your spell library contained the following spells:

 Spells                   Type           Power      Damage    Failure   Level
 Dazzling Flash           Conj/Hex       0%         N/A       99%         3
 Ozocubu's Armour         Ice            0%         N/A       99%         3
 Agony                    Necr           0%         N/A       100%        5
 Silence                  Hex/Air        0%         N/A       100%        5
 Ozocubu's Refrigeration  Ice            0%         4d7       100%        7


Dungeon Overview and Level Annotations

Branches:
Dungeon (3/15)

Altars:

Shops:
D:2 :   D:3 !


Message History

The jelly is severely wounded.
You block the jelly's attack.
You hit the jelly but do no damage.
Your hands burn!
* * * LOW HITPOINT WARNING * * *
The jelly is severely wounded.
You block the jelly's attack.
You hit the jelly but do no damage.
Your hands burn!
* * * LOW HITPOINT WARNING * * *
The jelly is severely wounded.
You block the jelly's attack. The jelly hits you.
* * * LOW HITPOINT WARNING * * *
You are splashed with acid!
* * * LOW HITPOINT WARNING * * *
You feel much better. You block the jelly's attack.
Throw: 25 stones
Press: ? - help, Q - select action Shift-Dir - straight line, f - jelly
Aim: a jelly (severely wounded, 89% to hit)
You throw a stone.
The stone hits the jelly but does no damage.
The jelly is severely wounded.
The jelly barely misses you.
Throw: 24 stones
Press: ? - help, Q - select action Shift-Dir - straight line, f/p - jelly
Aim: a jelly (severely wounded, 89% to hit)
You throw a stone.
The stone hits the jelly but does no damage.
The jelly is severely wounded.
The jelly hits you.
* * * LOW HITPOINT WARNING * * *
You are splashed with acid!
* * * LOW HITPOINT WARNING * * *
Throw: 23 stones
Press: ? - help, Q - select action Shift-Dir - straight line, f/p - jelly
Aim: a jelly (heavily wounded, 89% to hit)
You throw a stone. The stone hits the jelly.
The jelly is severely wounded.
The jelly hits you.
* * * LOW HITPOINT WARNING * * *
You are splashed with acid!
You die...

##...#...#...........##
# ######.........(.....#
# ####..........>.# #
#............# #
##...<......## #
##...##....## #
###....####..# ###
#...##.......# #..
#@##########.###..
#######J#### #......
#..........# #.....∩
#..........# #...##.
#..........# #...##.
#..........# ##.....
#...................)...
#..........#########...#
#.......[..# #...#


You could see a jelly.

Vanquished Creatures
  Crazy Yiuf (D:2)
  4 gnolls (D:2)
  4 adders
  2 worms
  An orc (D:3)
  2 ball pythons (D:1)
  7 bats
  3 endoplasms
  A giant cockroach (D:1)
  4 goblins
  3 hobgoblins
  4 jackals (D:1)
  2 quokkas (D:3)
  2 frilled lizards
  3 kobolds
  9 rats
52 creatures vanquished.

Vanquished Creatures (others)
  A hobgoblin (D:3)
1 creature vanquished.

Grand Total: 53 creatures vanquished

Notes
Turn   | Place    | Note
-------+----------+-------------------------------------------
     0 | D:1      | khekkus the Hill Orc Fighter began the quest for the Orb.
     0 | D:1      | Reached XP level 1. HP: 19/19 MP: 1/1
    43 | D:1      | Reached skill level 3 in Axes
   313 | D:1      | Reached XP level 2. HP: 27/27 MP: 2/2
   360 | D:1      | Found a faded altar of an unknown god.
  1071 | D:2      | Reached XP level 3. HP: 33/33 MP: 3/3
  1109 | D:2      | Reached skill level 4 in Axes
  1322 | D:2      | Reached skill level 1 in Throwing
  1322 | D:2      | Reached XP level 4. HP: 40/40 MP: 4/4
  1654 | D:2      | Found Matoizi's Book Boutique.
  1879 | D:2      | Found a runed translucent door.
  1880 | D:2      | Noticed Crazy Yiuf
  1886 | D:2      | Killed Crazy Yiuf
  1887 | D:2      | Reached XP level 5. HP: 47/47 MP: 5/5
  2144 | D:3      | Found Mepitz's Distillery.
  2156 | D:3      | Bought a potion of heal wounds for 50 gold pieces
  2324 | D:3      | Bought a potion of might for 40 gold pieces
  2375 | D:3      | Reached skill level 5 in Axes
  2550 | D:3      | HP: 2/47 [acid (8)]
  2557 | D:3      | Splashed by a jelly's acid

Illustrated notes

Levels and vault maps discovered:
D:1:      minmay_arrival_semitransparent, layout_basic, basic_ecumenical_altar
D:2:      layout_basic, serial_shops, shop, minmay_statues_item,
          uniq_crazy_yiuf_cottage
D:3:      layout_rooms, serial_shops, nicolae_square_shop,
          minmay_misc_feat_encased, bh_walls_and_bars

Skill      XL: |  1  2  3  4  5 |
---------------+----------------+-----
Axes           | 3 4 5 |  5.0
Fighting       | 4 |  4.5
Throwing       | 1 |  1.6
Armour         | 4 |  4.1
Shields        | |  3.2

Action                   |  1- 3 |  4- 6 || total
-------------------------+-------+-------++-------
Melee: War axe           |    61 |    68 ||   129
Throw: Stone             |       |     3 ||     3
  Use: Scroll            |     5 |     7 ||    12
       Potion            |       |     2 ||     2
Armor: Scale mail        |    31 |    21 ||    52
Dodge: Dodged            |    20 |    24 ||    44
Block: Buckler           |    10 |    34 ||    44
       Reflection        |       |     2 ||     2
